 Dungeon Crawl Stone Soup version 0.28-a0-1493-g08698888e4 (webtiles) character file.

Game seed: 16597925423351233659

566 Shayle the Ducker (level 7, -1/52 HPs)
             Began as a Djinni Hedge Wizard on Jan 12, 2022.
             Slain by a scorpion (9 damage)
             ... on level 4 of the Dungeon.
             The game lasted 00:22:14 (7231 turns).

Shayle the Ducker (Djinni Hedge Wizard)             Turns: 7231, Time: 00:22:15

Health: -1/52      AC:  0    Str:  9    XL:     7   Next: 59%
Gold:   200        EV: 13    Int: 18    God:
                   SH:  0    Dex: 12

rFire   + + .      SeeInvis .   a - +0 dagger
rCold   x . .      Faith    .   (no shield)
rNeg    . . .      Spirit   .   (no armour)
rPois   ∞          Reflect  .   c - +0 hat
rElec   .          Harm     .   (no cloak)
rCorr   .          Rampage  .   (no gloves)
Will    .....                   (boots unavailable)
Stlth   ++........              (no amulet)
HPRegen 0.17/turn               (no ring)
MPRegen 0.00/turn               (no ring)

@: flying, very slightly contaminated
A: sickness immunity, fire resistance 2, cold vulnerability 1, float, innate
caster, hp casting, extra vitality 1
a: no special abilities


You were on level 4 of the Dungeon.
You visited 1 branch of the dungeon, and saw 4 of its levels.

You collected 200 gold pieces.

Inventory:

Hand Weapons
 a - a +0 dagger (weapon)
Missiles
 j - 5 javelins
 k - 18 stones
 l - 26 poisoned darts
Armour
 b - a +0 robe
 c - a +0 hat (worn)
 n - a +2 robe of positive energy
Wands
 m - a wand of flame (6)
Scrolls
 d - a scroll of identify
 e - 2 scrolls of teleportation {unknown}
 f - a scroll of magic mapping
 i - a scroll of brand weapon
 o - 3 scrolls of vulnerability {unknown}
 p - a scroll of enchant armour {unknown}
Potions
 g - a potion of degeneration
 h - a potion of might {unknown}
 q - a potion of mutation {unknown}
 r - 2 potions of curing {unknown}


   Skills:
 + Level 4.1 Fighting
 + Level 5.2 Dodging
 + Level 4.2 Stealth
 - Level 2.4 Spellcasting


You couldn't memorise any spells.
You knew the following spells:

 Your Spells              Type           Power      Damage    Failure   Level
a - Magic Dart            Conj           40%        1d5       6%          1
b - Blink                 Tloc           20%        N/A       10%         2
c - Call Imp              Summ           10%        N/A       10%         2
d - Slow                  Hex            40%        N/A       6%          1
e - Conjure Flame         Conj/Fire      10%        6-21      19%         3
f - Mephitic Cloud        Conj/Pois/Air  10%        N/A       19%         3
g - Sandblast             Erth           20%        2d7       6%          1
h - Static Discharge      Conj/Air       10%        N/A       10%         2
i - Passwall              Tmut/Erth      8%         N/A       10%         2
Your spell library was empty.

Dungeon Overview and Level Annotations

Branches:
Dungeon (4/15)
 Temple: D:4-7

Altars:
Yredelemnul

Shops:
D:1 =


Innate Abilities, Weirdness & Mutations

You are immune to sickness and miasma.
You are immune to poison.
Your flesh is very heat resistant. (rF++)
You are vulnerable to cold. (rC-)
You float through the air rather than walking.
You learn spells naturally, not from books.
Your magical power is your life essence.
You have superior vitality. (+4 MHP)


Message History

The scorpion is moderately wounded.
Casting: Call Imp (safe; 10% risk of failure)
Confirm with . or Enter, or press ? or * to list all spells.
Aiming: Sandblast (safe; 6% risk of failure)
Press: ? - help, Shift-Dir - straight line, f/p - scorpion
Aim: a scorpion (moderately wounded, confused, ally target, 93% to hit)
The blast of sand hits the scorpion but does no damage.
The scorpion is moderately wounded.
k - 19 stones The scorpion closely misses you.
Your shadow imp hits the scorpion but does no damage.
Casting: Sandblast (safe; 6% risk of failure)
Confirm with . or Enter, or press ? or * to list all spells.
Aiming: Sandblast (safe; 6% risk of failure)
Press: ? - help, Shift-Dir - straight line, f/p - scorpion
Aim: a scorpion (moderately wounded, confused, ally target, 93% to hit)
The blast of sand hits the scorpion.
The scorpion is severely wounded.
k - 18 stones The scorpion stings your shadow imp but does no damage.
Your shadow imp barely misses the scorpion.
Casting: Sandblast (safe; 6% risk of failure)
Confirm with . or Enter, or press ? or * to list all spells.
Aiming: Sandblast (safe; 6% risk of failure)
Press: ? - help, Shift-Dir - straight line, f/p - scorpion
Aim: a scorpion (heavily wounded, confused, ally target, 93% to hit)
You miscast Sandblast.
Nothing appears to happen.
The scorpion closely misses your shadow imp.
The scorpion stings you!
* * * LOW HITPOINT WARNING * * *
Your shadow imp hits the scorpion.
You hit the scorpion but do no damage.
The scorpion is severely wounded.
The scorpion stings you!
* * * LOW HITPOINT WARNING * * *
Your shadow imp hits the scorpion.
You hit the scorpion.
The scorpion is almost dead.
The scorpion stings you!
You die...

.#.#.....# ##..#
##.....#.# ..
####.#.#.#
####.#.#.#
.....#.#.#
.....#.#.#
####.#.#.#########
.....#.#....[..5s#
######.#########@#
#.# ..# ####


You could see a scorpion (confused, ally target) and a friendly shadow imp
(summoned).

Vanquished Creatures
  A necrophage (D:4)
  Jessica (D:3)
  A hound skeleton (D:4)
  A gnoll (D:3)
  2 adders
  An adder skeleton (D:4)
  2 worms
  2 dart slugs (D:2)
  2 orcs (D:3)
  7 endoplasms
  5 goblins
  10 hobgoblins
  11 jackals
  3 quokkas
  3 ball pythons
  3 bats (D:2)
  3 frilled lizards
  3 kobolds
  6 rats
67 creatures vanquished.

Vanquished Creatures (collateral kills)
  Duvessa (D:4)
  An ogre (D:4)
  Dowan (D:4)
  A hound skeleton (D:4)
  2 gnolls (D:3)
  4 adders
  3 ball pythons
  A bat (D:2)
  3 endoplasms
  3 giant cockroaches
  3 goblins
  3 hobgoblins
  6 jackals
  3 frilled lizards (D:3)
  3 kobolds
  2 rats (D:2)
40 creatures vanquished.

Grand Total: 107 creatures vanquished

Notes
Turn   | Place    | Note
-------+----------+-------------------------------------------
     0 | D:1      | Shayle the Djinni Hedge Wizard began the quest for the Orb.
     0 | D:1      | Reached XP level 1. HP: 15/15 MP: 0/0
   156 | D:1      | Found a faded altar of an unknown god.
   514 | D:1      | Reached XP level 2. HP: 17/22 MP: 0/0
   624 | D:1      | Reached skill level 1 in Fighting
   641 | D:1      | Found Deziodil's Jewellery Shoppe.
   931 | D:1      | Reached XP level 3. HP: 22/27 MP: 0/0
   931 | D:1      | Learned a level 1 spell: Sandblast
  2105 | D:2      | Reached skill level 3 in Dodging
  2305 | D:2      | Found a basalt altar of Yredelemnul.
  2327 | D:2      | Reached XP level 4. HP: 25/33 MP: 0/0
  3484 | D:2      | Reached XP level 5. HP: 36/38 MP: 0/0
  3484 | D:2      | Learned a level 2 spell: Static Discharge
  5399 | D:3      | Noticed Jessica
  5411 | D:3      | Killed Jessica
  5412 | D:3      | Reached skill level 4 in Dodging
  5709 | D:3      | Reached XP level 6. HP: 43/45 MP: 0/0
  6058 | D:4      | Noticed Dowan
  6247 | D:4      | Noticed Duvessa
  6274 | D:4      | Killed Duvessa
  6492 | D:4      | Killed Dowan
  6510 | D:4      | Reached XP level 7. HP: 45/50 MP: 0/0
  6510 | D:4      | Learned a level 2 spell: Passwall
  6723 | D:4      | Reached skill level 5 in Dodging
  7231 | D:4      | Slain by a scorpion

Illustrated notes

Levels and vault maps discovered:
D:1:      giann_forest_graveyard, layout_basic,
          hellmonk_ecumenical_altar_arch_garden, serial_shops, shop,
          minmay_misc_feat_columns, chequers_serial_rivers_marsh
D:2:      layout_loops_ring, basic_altar, minmay_fractal_squares_5
D:3:      layout_loops_ring, uniq_jessica
D:4:      layout_basic, minmay_circle_x, uniq_duvessa

Skill      XL: |  1  2  3  4  5  6  7 |
---------------+----------------------+-----
Fighting       | 1 2 3 4 |  4.1
Stealth        | 2 3 4 |  4.2
Dodging        | 3 4 5 |  5.2
Spellcasting   | |  2.4

Action                   |  1- 3 |  4- 6 |  7- 9 || total
-------------------------+-------+-------+-------++-------
Melee: Dagger            |    40 |   135 |    16 ||   191
       Punch             |     1 |     1 |       ||     2
 Cast: Magic Dart        |    55 |    37 |       ||    92
       Call Imp          |    12 |    27 |     5 ||    44
       Mephitic Cloud    |       |    12 |     4 ||    16
       Blink             |       |     1 |       ||     1
       Sandblast         |       |     7 |    25 ||    32
  Use: Scroll            |     1 |     4 |       ||     5
       Potion            |       |     3 |       ||     3
 Stab: Sleeping          |     1 |     3 |       ||     4
       Confused          |       |     1 |       ||     1
Armor: Robe              |     4 |    24 |       ||    28
Dodge: Dodged            |    38 |   122 |    21 ||   181

Table legend: (Time is in decaauts)
 A = Elapsed time spent in this place.
 B = Non-inter-level travel time spent in this place.
 C = Inter-level travel time spent in this place.
 D = Time resting spent in this place.
 E = Time spent auto-exploring this place.
 F = Levels seen in this place.
 G = Mean time per level.
                   A        B        C        D        E       F      G
               +--------+--------+--------+--------+--------+-----+--------+
         Total |   7237 |   6873 |    364 |   2046 |   3502 |   4 | 1809.2 |
       Dungeon |   7237 |   6873 |    364 |   2046 |   3502 |   4 | 1809.2 |
               +--------+--------+--------+--------+--------+-----+--------+

Top non-repeatable levels by time:
     D:1: 2599 daAuts
     D:3: 2380 daAuts
     D:2: 1325 daAuts
     D:4: 932 daAuts
